 Dungeon Crawl Stone Soup version 0.29-a0-791-ga0f254aafb (webtiles) character file.

Game seed: 12768688616423531485

10 Malachi the Shooter (level 2, 22/22 HPs)
             Began as a Demonspawn Hunter on July 3, 2022.
             Got out of the dungeon alive.
             The game lasted 00:00:42 (407 turns).

Malachi the Shooter (Demonspawn Hunter)              Turns: 407, Time: 00:00:43

Health: 22/22      AC:  1    Str: 11    XL:     2   Next: 10%
Magic:  2/2        EV: 12    Int: 10    God:
Gold:   22         SH:  0    Dex: 16    Spells: 1/1 levels left

rFire   . . .      SeeInvis .   a - +0 shortbow
rCold   . . .      Faith    .   (shield currently unavailable)
rNeg    . . .      Spirit   .   (no body armour)
rPois   .          Reflect  .   (no helmet)
rElec   .          Harm     .   f - +0 cloak
rCorr   .          Rampage  .   (no gloves)
Will    .....                   (no boots)
Stlth   ++........              (no amulet)
HPRegen 0.07/turn               (no ring)
MPRegen 0.08/turn               (no ring)

@: no status effects
A: demonic touch 1
a: no special abilities


You escaped.
You visited 1 branch of the dungeon, and saw 1 of its levels.

You collected 22 gold pieces.

Inventory:

Hand Weapons
 a - a +0 shortbow (weapon)
Armour
 c - a +0 leather armour
 f - a +0 cloak (worn)
Scrolls
 b - a scroll of immolation
 d - a scroll of noise {unknown}
 e - a scroll of poison {unknown}


   Skills:
 - Level 2.0 Fighting
 * Level 4.1 Ranged Weapons
 - Level 1.7 Dodging
 - Level 0.8 Stealth


You had one spell level left.
You didn't know any spells.
Your spell library was empty.

Dungeon Overview and Level Annotations

Branches:
Dungeon (1/15)

Altars:


Innate Abilities, Weirdness & Mutations

Your touch may inflict minor irresistible damage on your foes.


Message History

Your line of fire to the goblin is blocked by a plant.
Continue anyway? [Y]es or [N]o only, please.
Your line of fire to the goblin is blocked by a plant.
Continue anyway?
Okay, then.
The goblin splashes around in the water.
The goblin hits the plant with a +0 club.
The plant begins to die.
The goblin hits the plant with a +0 club.
The plant begins to die.
The goblin splashes around in the water.
The goblin hits something with a +0 club.
Really attack while wielding your +0 shortbow? [Y]es or [N]o only, please.
Really attack while wielding your +0 shortbow? [Y]es or [N]o only, please.
Really attack while wielding your +0 shortbow? [Y]es or [N]o only, please.
Really attack while wielding your +0 shortbow?
Okay, then.
A nearby plant withers and dies.
You shoot an arrow. The arrow closely misses the goblin.
A nearby plant withers and dies.
You shoot an arrow. The arrow hits the goblin.
You kill the goblin!
You hear a splash.
No target in view!
No target in view!
No target in view!
Found a mace.
Things that are here:
a +0 dagger; a kobold corpse
Things that are here:
a +0 club; a goblin corpse
There is a stone staircase leading down here.
Found a ring mail.
You see here a +0 short sword.
There is an open door here.
There is a staircase leading out of the dungeon here.
Are you sure you want to leave the Dungeon?
This will make you lose the game!
You have escaped!

#.........)........
#######.######.##.######
#..............#.... .
..#####'#####..#..##.[.)
..#PPP#.#PPP#..#..# ...
..#P⌠P#.#P⌠P#..#... ....
..#PPP#.#PPP#..#........
..#####.#####..#.......#
..+....@....+..#
#.#####.#####...
#.#PPP#.#PPP#..
#.#P⌠P#.#P⌠P#..
#.#PPP#.#PPP#..
#.#####+#####.. #.... .
. ..... #### . # ####
...


There were no monsters in sight!

Vanquished Creatures
  A bat (D:1)
  An endoplasm (D:1)
  3 goblins (D:1)
  A quokka (D:1)
  A frilled lizard (D:1)
  A kobold (D:1)
  A rat (D:1)
9 creatures vanquished.

Vanquished Creatures (others)
  2 plants (D:1)
2 creatures vanquished.

Grand Total: 11 creatures vanquished

Notes
Turn   | Place    | Note
-------+----------+-------------------------------------------
     0 | D:1      | Malachi the Demonspawn Hunter began the quest for the Orb.
     0 | D:1      | Reached XP level 1. HP: 16/16 MP: 1/1
   274 | D:1      | Reached skill level 4 in Ranged Weapons
   288 | D:1      | Gained mutation: Your touch may inflict minor irresistible
                  | damage on your foes. [demonic ancestry]
   288 | D:1      | Reached XP level 2. HP: 22/22 MP: 2/2
   407 | D:$      | Got out of the dungeon alive.

Illustrated notes

Levels and vault maps discovered:
D:1:      beargit_arrival_greenhouse, layout_basic, serial_shops, shop,
          chequers_serial_rivers_room_a, serial_bayou_lake_a

Skill      XL: |  1 |
---------------+----+-----
Ranged Weapons | 4 |  4.1
Fighting       | |  2.0
Dodging        | |  1.7
Stealth        | |  0.8

Action                   || total
-------------------------++-------
 Fire: Shortbow          ||    20
Armor: Leather armour    ||     2

Table legend: (Time is in decaauts)
 A = Elapsed time spent in this place.
 B = Non-inter-level travel time spent in this place.
 C = Inter-level travel time spent in this place.
 D = Time resting spent in this place.
 E = Time spent auto-exploring this place.
 F = Levels seen in this place.
 G = Mean time per level.
                   A        B        C        D        E       F      G
               +--------+--------+--------+--------+--------+-----+--------+
         Total |    423 |    333 |     90 |      0 |    255 |   1 |  423.0 |
       Dungeon |    423 |    333 |     90 |      0 |    255 |   1 |  423.0 |
               +--------+--------+--------+--------+--------+-----+--------+

Top non-repeatable levels by time:
     D:1: 423 daAuts
